Map: Ultralove

Players

StonedJeezus - Winner!

  • Race: Zerg Zerg
  • League: Master
  • Spawn Location: 7:00

AnnaghMore

  • Race: Zerg Zerg
  • League: Gold
  • Spawn Location: 1:00

VOD

Have the link to the VOD?

Description

Time

  • Played on: Jan. 28, 2025, 9:30 a.m.
  • Length: 9:42
Show
View Real Time Build Order
Export as new Build Order

StonedJeezus Zerg - Winner!

Build Orders: Hatch First 

Get SALT Encoding   

  12  0:01  Drone  
  13  0:08  Drone  
  14  0:22  Overlord  
  14  0:42  Drone x3  
  17  1:04  Hatchery  
  17  1:07  Extractor  
  15  1:15  Spawning Pool  
  14  1:20  Drone  
  15  1:31  Drone  
  15  1:32  Overlord  
  16  1:33  Drone  
  17  1:46  Drone  
  18  2:02  Queen  
  20  2:16  Queen  
  20  2:18  Drone  
  20  2:21  Roach Warren  
  22  2:33  Zergling x2  
  22  2:34  Zergling x2  
  24  2:38  Drone  
  26  2:44  Drone x2  
  27  2:52  Evolution Chamber  
  26  3:16  Overlord x2  
  26  3:18  Drone x3  
  29  3:27  Zerg Missile Weapons Level 1, Evolution Chamber  
  29  3:32  Overlord  
  28  3:34  Overlord  
  28  3:37  Extractor  
  28  3:38  Drone  
  28  3:40  Drone  
  28  3:54  Metabolic Boost  
  28  3:55  Zergling x2  
  28  3:56  Zergling x4  
  30  4:16  Roach x3  
  36  4:17  Roach  
  36  4:18  Roach x2  
  42  4:24  Spore Crawler  
  42  4:27  Drone x2  
  43  4:32  Spore Crawler  
  43  4:36  Drone  
  43  4:38  Drone  
  44  4:40  Drone  
  44  4:44  Drone  
  46  4:46  Drone  
  47  4:54  Zerg Ground Armor Level 1  
  47  4:56  Drone  
  48  5:06  Queen  
  50  5:12  Lair  
  50  5:15  Drone  
  51  5:28  Drone x6  
  57  5:51  Drone  
  57  5:52  Drone  
  57  5:53  Overlord  
  57  5:54  Overlord  
  57  5:55  Overlord x2  
  59  6:12  Spore Crawler  
  58  6:18  Roach  
  58  6:19  Roach x4  
  55  6:25  Zergling x2  
  55  6:26  Zergling x6  
  49  6:33  Roach x3  
  55  6:42  Queen  
  55  6:43  Drone x4  
  55  6:44  Drone  
  53  6:56  Roach x2  
  57  7:03  Zergling x2  
  57  7:04  Zergling x6  
  61  7:13  Glial Reconstitution  
  61  7:18  Spine Crawler  
  60  7:23  Zergling x2, Spine Crawler  
  52  7:56  Zergling x8  
  52  7:57  Zergling x4  
  56  7:58  Zergling x2  
  56  7:59  Zergling x10  
  49  8:38  Roach x3  
  49  8:40  Overlord x3  
  49  8:58  Overlord x2  
  49  8:59  Zergling x2  
  45  9:14  Zergling x6  
  47  9:17  Zergling x8  
  47  9:18  Zergling x2  
Show
View Real Time Build Order
Export as new Build Order

AnnaghMore Zerg 

Build Orders: Pool First 

Get SALT Encoding   

  12  0:01  Drone  
  13  0:17  Drone  
  14  0:26  Extractor  
  14  0:27  Drone x2, Extractor  
  14  0:32  Overlord  
  16  0:52  Drone x2  
  18  1:01  Extractor  
  17  1:08  Drone, Spawning Pool  
  17  1:23  Drone x2  
  19  1:28  Hatchery  
  18  1:34  Drone  
  19  1:57  Zergling x4  
  21  2:09  Overlord, Evolution Chamber, Queen  
  22  2:30  Drone x2  
  22  2:36  Zerg Melee Weapons Level 1  
  24  2:42  Queen  
  26  2:45  Queen  
  26  2:46  Drone x2  
  30  2:58  Drone x2  
  32  3:33  Overlord x4  
  32  3:37  Lair  
  32  3:39  Metabolic Boost  
  32  3:45  Extractor  
  31  3:58  Zergling x10  
  31  3:59  Zergling x2  
  37  4:16  Zergling x2  
  37  4:17  Zergling x8  
  42  4:44  Nydus Network  
  41  4:49  Hydralisk Den  
  41  4:50  Zergling x4  
  41  4:51  Zergling x10  
  47  5:08  Zerg Melee Weapons Level 2  
  47  5:11  Zergling x8  
  51  5:15  Zergling x4  
  51  5:17  Queen  
  55  5:45  Zergling x10  
  55  5:48  Overlord x2  
  60  5:55  Nydus Canal  
  60  6:01  Overlord x2  
  47  6:37  Hydralisk x5  
  47  6:39  Hydralisk  
  46  6:55  Drone x4  
  46  6:56  Drone  
  51  7:13  Spine Crawler  
  51  7:14  Spine Crawler  
  34  7:51  Hydralisk  
  34  7:52  Hydralisk x5  
  34  7:53  Hydralisk  
  34  7:55  Zergling x2  
  40  8:10  Hydralisk  
  40  8:11  Hydralisk  
  37  8:31  Hydralisk x2  
  37  8:33  Zergling x2  
  10  9:21  Zergling x8  
Tags
 
Matchup
ZvZ
Race
Zerg
Spawn Locations
Cross Positions
Add a new tag
Caveats
  • Supply blocks, unpowered buildings, or Contaminate may cause inaccurate times.
  • Supply counts are checked every 10 seconds.